[ PARTIDA AOE2 · #507340556 ]
UnrankedCoreanos vs Dravidians
Equipo del jugador · DERR
Equipo rival · VICT
[ ANÁLISIS DE REPETICIÓN · EXTRAÍDO DE LA PARTIDA GRABADA ]
Feudal
8:52
Castillos
20:26
Imperial
36:14
| APM promedio | 93.4 |
| APM pico | 163 |
| eAPM promedio | 56.2 |
| Aldeanos / militares | 156 / 103 |
Foco
⚔️ 71.4% · 🌾 28.6%
Fire Lancer ×74 · Skirmisher ×26 · Iron Pagoda ×3
Feudal
10:07
Castillos
20:15
Imperial
33:50
| APM promedio | 77.0 |
| APM pico | 122 |
| eAPM promedio | 37.6 |
| Aldeanos / militares | 160 / 142 |
Foco
⚔️ 52.5% · 🌾 47.5%
Skirmisher ×98 · Militia ×27 · Trebuchet (Packed) ×8 · Mangonel ×7 · Monk ×2
Mapa de la partida
Recursos iniciales + cada clic de construcción. Líneas = muros · curvas = relieve. ◆ oro · ⬟ piedra · ● bayas · ✦ reliquia · ◌ hueco del cierre
Tu base· Abierta — flanco sin cerrar
Base de RD | Kiko· Abierta — flanco sin cerrar
Terreno inicial suavizado · ◌ = hueco del cierre detectado · pasá el cursor para detalles
Inputs por minuto
— XEVER | Rivux - - RD | Kiko
Build order — XEVER | Rivux
Primeras 150 de 434 acciones detectadas
| 0:00 | Crear | Villager (Male) |
| 0:01 | Crear | Villager (Male) |
| 0:01 | Crear | Villager (Male) |
| 0:01 | Crear | Villager (Male) |
| 0:01 | Crear | Villager (Male) |
| 0:02 | Construir | House |
| 0:04 | Construir | House |
| 1:23 | Crear | Villager (Male) |
| 1:56 | Construir | Lumber Camp |
| 2:01 | Crear | Villager (Male) |
| 2:01 | Crear | Villager (Male) |
| 2:23 | Crear | Villager (Male) |
| 2:53 | Crear | Villager (Male) |
| 2:53 | Crear | Villager (Male) |
| 3:20 | Crear | Villager (Male) |
| 3:20 | Crear | Villager (Male) |
| 3:55 | Construir | House |
| 4:00 | Crear | Villager (Male) |
| 4:22 | Crear | Villager (Male) |
| 4:25 | Crear | Villager (Male) |
| 4:28 | Construir | House |
| 5:01 | Construir | Mill |
| 5:17 | Crear | Villager (Male) |
| 5:18 | Crear | Villager (Male) |
| 5:30 | Investigar | Loom |
| 5:37 | Construir | Palisade Wall |
| 5:38 | Construir | Palisade Wall |
| 6:23 | Construir | Lumber Camp |
| 6:42 | Investigar | Feudal Age |
| 7:35 | Construir | Palisade Wall |
| 7:36 | Construir | Palisade Wall |
| 7:37 | Construir | Palisade Wall |
| 8:07 | Construir | Barracks |
| 8:29 | Crear | Villager (Male) |
| 8:38 | Construir | House |
| 8:52 | Edad | Edad Feudal |
| 9:06 | Construir | Archery Range |
| 9:08 | Crear | Villager (Male) |
| 9:11 | Construir | House |
| 9:18 | Investigar | Double-Bit Axe |
| 9:18 | Investigar | Double-Bit Axe |
| 9:36 | Crear | Villager (Male) |
| 9:49 | Crear | Skirmisher |
| 9:57 | Crear | Villager (Male) |
| 9:59 | Construir | Palisade Wall |
| 10:01 | Crear | Skirmisher |
| 10:10 | Construir | House |
| 10:18 | Construir | Palisade Wall |
| 10:31 | Construir | House |
| 10:34 | Crear | Villager (Male) |
| 10:37 | Crear | Skirmisher |
| 10:49 | Construir | Farm |
| 10:54 | Construir | Farm |
| 11:01 | Crear | Villager (Male) |
| 11:01 | Crear | Villager (Male) |
| 11:02 | Construir | House |
| 11:03 | Construir | Palisade Wall |
| 11:05 | Crear | Skirmisher |
| 11:12 | Construir | House |
| 11:22 | Construir | Palisade Wall |
| 11:24 | Construir | Palisade Wall |
| 11:30 | Crear | Villager (Male) |
| 11:31 | Crear | Villager (Male) |
| 11:42 | Construir | Farm |
| 11:44 | Construir | Farm |
| 11:45 | Crear | Villager (Male) |
| 12:01 | Construir | House |
| 12:02 | Construir | Palisade Wall |
| 12:07 | Crear | Villager (Male) |
| 12:09 | Construir | Farm |
| 12:18 | Construir | Palisade Wall |
| 12:26 | Investigar | Horse Collar |
| 12:26 | Investigar | Horse Collar |
| 12:27 | Investigar | Horse Collar |
| 12:37 | Construir | Farm |
| 12:38 | Crear | Villager (Male) |
| 12:38 | Crear | Villager (Male) |
| 12:44 | Construir | House |
| 12:53 | Construir | Farm |
| 12:56 | Crear | Villager (Male) |
| 13:04 | Crear | Skirmisher |
| 13:20 | Construir | Palisade Wall |
| 13:25 | Crear | Villager (Male) |
| 13:36 | Construir | Farm |
| 13:37 | Crear | Villager (Male) |
| 13:44 | Construir | Farm |
| 13:59 | Construir | Farm |
| 14:03 | Crear | Villager (Male) |
| 14:18 | Crear | Villager (Male) |
| 14:21 | Crear | Skirmisher |
| 14:28 | Construir | House |
| 14:31 | Construir | House |
| 14:36 | Crear | Villager (Male) |
| 14:49 | Crear | Skirmisher |
| 14:53 | Construir | Blacksmith |
| 15:07 | Construir | Farm |
| 15:12 | Construir | Farm |
| 15:15 | Construir | Farm |
| 15:34 | Crear | Villager (Male) |
| 15:46 | Construir | Mining Camp |
| 15:48 | Crear | Villager (Male) |
| 15:51 | Construir | Farm |
| 16:25 | Investigar | Wheelbarrow |
| 16:39 | Construir | Farm |
| 16:50 | Construir | Farm |
| 17:43 | Investigar | Castle Age |
| 17:43 | Investigar | Castle Age |
| 17:53 | Crear | Skirmisher |
| 17:53 | Crear | Skirmisher |
| 18:06 | Construir | Archery Range |
| 18:20 | Investigar | Gold Mining |
| 18:22 | Crear | Skirmisher |
| 18:42 | Crear | Skirmisher |
| 18:47 | Investigar | Fletching |
| 18:47 | Investigar | Fletching |
| 18:59 | Crear | Skirmisher |
| 19:07 | Crear | Skirmisher |
| 19:07 | Crear | Skirmisher |
| 19:10 | Construir | Farm |
| 19:43 | Crear | Skirmisher |
| 20:08 | Crear | Skirmisher |
| 20:26 | Edad | Edad de los Castillos |
| 20:28 | Investigar | Elite Skirmisher (upgrade) |
| 20:29 | Investigar | Bodkin Arrow |
| 20:34 | Investigar | Bow Saw |
| 20:34 | Investigar | Bow Saw |
| 20:39 | Crear | Villager (Male) |
| 20:52 | Crear | Fire Lancer |
| 20:52 | Crear | Fire Lancer |
| 21:01 | Investigar | Scale Mail Armor |
| 21:04 | Crear | Fire Lancer |
| 21:09 | Construir | Town Center |
| 21:23 | Crear | Villager (Male) |
| 21:39 | Investigar | Town Watch |
| 21:44 | Construir | Town Center |
| 21:58 | Crear | Villager (Male) |
| 22:11 | Crear | Villager (Male) |
| 22:20 | Crear | Fire Lancer |
| 22:20 | Crear | Fire Lancer |
| 22:23 | Crear | Villager (Male) |
| 22:32 | Crear | Villager (Male) |
| 22:37 | Crear | Villager (Male) |
| 22:47 | Crear | Villager (Male) |
| 22:49 | Construir | Farm |
| 22:49 | Construir | Farm |
| 22:49 | Construir | Farm |
| 22:50 | Construir | Farm |
| 22:50 | Construir | Farm |
| 22:57 | Crear | Villager (Male) |
| 23:15 | Crear | Villager (Male) |
Build order — RD | Kiko
Primeras 150 de 508 acciones detectadas
| 0:00 | Crear | Villager (Male) |
| 0:01 | Crear | Villager (Male) |
| 0:02 | Construir | House |
| 0:03 | Construir | House |
| 0:11 | Crear | Villager (Male) |
| 0:14 | Crear | Villager (Male) |
| 0:15 | Crear | Villager (Male) |
| 1:25 | Crear | Villager (Male) |
| 1:25 | Crear | Villager (Male) |
| 1:54 | Construir | Lumber Camp |
| 1:57 | Crear | Villager (Male) |
| 1:57 | Crear | Villager (Male) |
| 2:14 | Crear | Villager (Male) |
| 2:44 | Crear | Villager (Male) |
| 2:44 | Crear | Villager (Male) |
| 2:59 | Crear | Villager (Male) |
| 2:59 | Crear | Villager (Male) |
| 3:30 | Construir | House |
| 3:32 | Crear | Villager (Male) |
| 4:01 | Crear | Villager (Male) |
| 4:02 | Crear | Villager (Male) |
| 4:20 | Crear | Villager (Male) |
| 4:39 | Construir | Barracks |
| 4:44 | Crear | Villager (Male) |
| 4:44 | Crear | Villager (Male) |
| 5:05 | Construir | House |
| 5:08 | Crear | Villager (Male) |
| 5:33 | Crear | Militia |
| 5:33 | Crear | Militia |
| 5:37 | Crear | Villager (Male) |
| 5:47 | Crear | Militia |
| 5:53 | Crear | Villager (Male) |
| 5:53 | Crear | Villager (Male) |
| 6:06 | Construir | Mill |
| 6:25 | Crear | Villager (Male) |
| 6:26 | Crear | Villager (Male) |
| 6:28 | Construir | House |
| 6:45 | Construir | House |
| 6:50 | Crear | Villager (Male) |
| 7:16 | Investigar | Loom |
| 7:16 | Investigar | Loom |
| 7:57 | Investigar | Feudal Age |
| 7:58 | Investigar | Feudal Age |
| 8:21 | Construir | Lumber Camp |
| 8:51 | Construir | Palisade Wall |
| 9:07 | Construir | Mining Camp |
| 9:14 | Construir | Palisade Wall |
| 9:23 | Crear | Villager (Male) |
| 10:06 | Crear | Villager (Male) |
| 10:07 | Edad | Edad Feudal |
| 10:11 | Construir | Archery Range |
| 10:13 | Investigar | Double-Bit Axe |
| 10:24 | Investigar | Horse Collar |
| 10:40 | Construir | Farm |
| 10:46 | Construir | Farm |
| 10:52 | Crear | Villager (Male) |
| 10:54 | Crear | Skirmisher |
| 10:59 | Construir | Farm |
| 11:11 | Crear | Villager (Male) |
| 11:12 | Crear | Skirmisher |
| 11:14 | Crear | Skirmisher |
| 11:15 | Crear | Villager (Male) |
| 11:19 | Construir | House |
| 11:28 | Construir | Farm |
| 11:37 | Construir | Farm |
| 11:45 | Construir | House |
| 11:46 | Crear | Villager (Male) |
| 11:52 | Crear | Villager (Male) |
| 11:54 | Construir | House |
| 11:57 | Construir | Palisade Wall |
| 11:59 | Crear | Skirmisher |
| 12:18 | Construir | Farm |
| 12:22 | Crear | Skirmisher |
| 12:27 | Construir | Palisade Wall |
| 12:33 | Crear | Villager (Male) |
| 12:47 | Crear | Villager (Male) |
| 12:56 | Crear | Skirmisher |
| 13:15 | Construir | Blacksmith |
| 13:21 | Crear | Skirmisher |
| 13:26 | Construir | Farm |
| 13:27 | Crear | Villager (Male) |
| 13:36 | Construir | Farm |
| 13:37 | Crear | Villager (Male) |
| 13:41 | Crear | Skirmisher |
| 14:00 | Investigar | Fletching |
| 14:09 | Crear | Skirmisher |
| 14:13 | Crear | Villager (Male) |
| 14:39 | Construir | Farm |
| 14:41 | Construir | Farm |
| 14:45 | Construir | Farm |
| 14:47 | Construir | Farm |
| 14:48 | Construir | Farm |
| 14:52 | Construir | Farm |
| 14:58 | Crear | Skirmisher |
| 15:01 | Construir | Farm |
| 15:06 | Construir | Farm |
| 15:07 | Crear | Villager (Male) |
| 15:16 | Construir | Farm |
| 15:25 | Crear | Skirmisher |
| 15:28 | Crear | Villager (Male) |
| 15:55 | Crear | Villager (Male) |
| 16:02 | Construir | Farm |
| 16:04 | Construir | House |
| 16:21 | Crear | Villager (Male) |
| 16:29 | Construir | Farm |
| 16:47 | Crear | Villager (Male) |
| 17:35 | Investigar | Castle Age |
| 17:35 | Investigar | Castle Age |
| 17:50 | Crear | Skirmisher |
| 18:11 | Construir | House |
| 18:20 | Construir | House |
| 18:26 | Construir | House |
| 18:28 | Crear | Skirmisher |
| 18:35 | Investigar | Gold Mining |
| 18:36 | Investigar | Gold Mining |
| 18:36 | Investigar | Padded Archer Armor |
| 18:37 | Investigar | Padded Archer Armor |
| 18:39 | Crear | Skirmisher |
| 19:10 | Crear | Villager (Male) |
| 19:11 | Crear | Skirmisher |
| 19:21 | Crear | Villager (Male) |
| 19:21 | Crear | Skirmisher |
| 19:43 | Crear | Villager (Male) |
| 20:15 | Edad | Edad de los Castillos |
| 20:16 | Construir | Town Center |
| 20:18 | Investigar | Bodkin Arrow |
| 20:18 | Investigar | Bodkin Arrow |
| 20:19 | Investigar | Elite Skirmisher (upgrade) |
| 20:19 | Investigar | Elite Skirmisher (upgrade) |
| 20:20 | Investigar | Bow Saw |
| 20:20 | Investigar | Bow Saw |
| 20:23 | Construir | Town Center |
| 20:24 | Crear | Villager (Male) |
| 20:26 | Construir | Monastery |
| 20:59 | Crear | Villager (Male) |
| 21:12 | Investigar | Elite Skirmisher (upgrade) |
| 21:13 | Crear | Villager (Male) |
| 21:17 | Crear | Monk |
| 21:18 | Crear | Villager (Male) |
| 21:28 | Crear | Villager (Male) |
| 21:37 | Crear | Villager (Male) |
| 21:39 | Crear | Villager (Male) |
| 21:42 | Construir | Mill |
| 21:45 | Construir | Farm |
| 21:46 | Construir | Farm |
| 21:47 | Crear | Villager (Male) |
| 21:47 | Crear | Villager (Male) |
| 21:50 | Crear | Villager (Male) |
| 21:52 | Construir | Farm |
| 21:53 | Construir | Farm |
Cronología de la partida
| 4:39 | RD | Kiko · first_building Barracks |
| 5:37 | XEVER | Rivux · wall_segment Palisade Wall x2 |
| 5:38 | XEVER | Rivux · wall_segment Palisade Wall x2 |
| 7:35 | XEVER | Rivux · wall_segment Palisade Wall x1 |
| 7:36 | XEVER | Rivux · wall_segment Palisade Wall x2 |
| 7:37 | XEVER | Rivux · wall_segment Palisade Wall x1 |
| 8:07 | XEVER | Rivux · first_building Barracks |
| 8:51 | RD | Kiko · wall_segment Palisade Wall x6 |
| 8:52 | XEVER | Rivux · age_up feudal |
| 9:06 | XEVER | Rivux · first_building Archery Range |
| 9:14 | RD | Kiko · wall_segment Palisade Wall x4 |
| 9:59 | XEVER | Rivux · wall_segment Palisade Wall x3 |
| 10:07 | RD | Kiko · age_up feudal |
| 10:11 | RD | Kiko · first_building Archery Range |
| 10:18 | XEVER | Rivux · wall_segment Palisade Wall x6 |
| 11:03 | XEVER | Rivux · wall_segment Palisade Wall x3 |
| 11:22 | XEVER | Rivux · wall_segment Palisade Wall x1 |
| 11:24 | XEVER | Rivux · wall_segment Palisade Wall x1 |
| 11:57 | RD | Kiko · wall_segment Palisade Wall x5 |
| 12:02 | XEVER | Rivux · wall_segment Palisade Wall x5 |
| 12:18 | XEVER | Rivux · wall_segment Palisade Wall x14 |
| 12:27 | RD | Kiko · wall_segment Palisade Wall x9 |
| 13:20 | XEVER | Rivux · wall_segment Palisade Wall x1 |
| 20:15 | RD | Kiko · age_up castle |
| 20:26 | XEVER | Rivux · age_up castle |
| 20:26 | RD | Kiko · first_building Monastery |
| 23:15 | RD | Kiko · first_building Siege Workshop |
| 25:45 | XEVER | Rivux · first_building Siege Workshop |
| 30:22 | RD | Kiko · first_market_sell 100 food |
| 32:23 | XEVER | Rivux · first_building Monastery |
| 32:58 | RD | Kiko · first_building Castle |
| 33:50 | RD | Kiko · age_up imperial |
| 36:14 | XEVER | Rivux · age_up imperial |
| 37:28 | XEVER | Rivux · first_building Castle |
| 37:33 | RD | Kiko · first_market_buy 100 wood |
| 38:20 | RD | Kiko · wall_segment Palisade Wall x1 |
| 39:05 | XEVER | Rivux · resign |
[ ANÁLISIS IA · 1 CRÉDITO ]
¿Qué pasó realmente en esta partida?
Wolo.gg analiza cada decisión: build order, eco, micro, errores típicos por bracket. Análisis personalizado por WhatsApp o Discord en 30 segundos.
Guía civ
Coreanos
Perfil
Jugador #3035292